cohdb
Replays
Latest Replays
All Replays
Popular Replays
Top Player Replays
Match Explorer
How It Works
Community
CoH3 Stats
Reddit
Sign in to upload your games and track your stats! →
Sign in with Steam
Match 43795423
Unlisted
Match 43795423
Overview
Messages
Build Orders
End
Selects Special Operations Battlegroup
Selects M29 Weasel Recon Vehicle
M29 Weasel Recon Vehicle
Construct Barracks
Riflemen Squad
Riflemen Squad
M1 Mortar Team
Selects Raiding Flares
Mechanized Support Center
Grenade Package
Engineer Squad
Selects SSF Commando Squad
SSF Commando Squad
M1918 Browning Automatic Rifles
Bran
DrewP
Dillbro
Vanghoul
nocdem
Frustra
0
0
Comments
sign in to comment!
No comments posted yet!